 Dungeon Crawl Stone Soup version 0.18.1-1-g2f07953 (webtiles) character file.

32399 aurelian the Carver (level 13, -4/85 HPs)
             Began as a Tengu Gladiator on May 22, 2016.
             Was a High Priest of Trog.
             Shot with an arrow by Nessos (6 damage)
             ... on level 6 of the Lair of Beasts.
             The game lasted 00:47:47 (23422 turns).

aurelian the Carver (Tengu Gladiator)              Turns: 23422, Time: 00:47:47

Health: -4/85      AC: 18    Str: 19    XL:     13   Next: 64%
Magic:  14/14      EV: 18    Int:  9    God:    Trog [*****.]
Gold:   804        SH:  0    Dex: 19    Spells: 0 memorised, 12 levels left

rFire  . . .     SeeInvis .     a - +1 scimitar
rCold  + . .     Gourm    .     C - +4 scale mail
rNeg   . . .     Faith    .     (no shield)
rPois  .         Spirit   .     c - +1 hat
rElec  .         Dismiss  .     v - +0 cloak
rCorr  .         Reflect  .     W - +0 pair of gloves
SustAt .         Harm     .     (boots unavailable)
MR     +++..     Clarity  +     (no amulet)
Stlth  ..........               n - ring of protection from cold
                                h - ring of Doejez {+Blink +Fly MR+ Str+3}

@: lethally poisoned (-4 -> -56), regenerating, extremely resistant to hostile
enchantments, extremely unstealthy
A: beak, talons 3, clarity, shaggy fur 1, able to fly 1
a: Fly, Berserk, Trog's Hand, Brothers in Arms, Burn Spellbooks, Renounce
Religion, Evoke Blink, Evoke Flight


You were on level 6 of the Lair of Beasts.
You worshipped Trog.
Trog was extremely pleased with you.
You were not hungry.

You visited 3 branches of the dungeon, and saw 19 of its levels.

You collected 804 gold pieces.

Inventory:

Hand Weapons
 a - a +1 scimitar (weapon)
 b - a +0 blowgun
 u - a +0 long sword
 M - a cursed +0 great sword
Missiles
 k - 412 stones (quivered)
 y - 10 tomahawks
 H - 17 curare-tipped needles
 I - 7 javelins of returning
 U - 2 steel tomahawks
Armour
 c - a +1 hat (worn)
 v - a +0 cloak (worn)
 C - a +4 scale mail (worn)
 F - a +2 shield
 W - a +0 pair of gloves (worn)
Jewellery
 e - an uncursed ring of protection from magic
 h - the ring of Doejez (left hand) {+Blink +Fly MR+ Str+3}
   (You found it on level 1 of the Lair of Beasts)

   [ring of protection from magic]

   It affects your strength (+3).
   It affects your resistance to hostile enchantments.
   It lets you fly.
   It lets you blink.
 n - a ring of protection from cold (right hand)
Wands
 i - a wand of lightning (10/15)
 o - a wand of lightning (7/15)
 r - a wand of digging (16/24)
 t - a wand of disintegration (7/24)
 x - a wand of lightning (10/15)
 z - a wand of confusion (9/48)
 B - a wand of iceblast (2/15)
 E - a wand of polymorph (14/24)
 K - a wand of random effects (27/48)
 R - a wand of paralysis (8/24)
 X - a wand of teleportation (2/9)
 Z - a wand of acid (2/15)
Scrolls
 d - 4 scrolls of fog
 l - 7 scrolls of remove curse
 q - a scroll of enchant weapon
 G - 2 scrolls of blinking
 Q - 3 scrolls of identify
 T - 2 scrolls of recharging
 Y - a scroll of enchant armour
Potions
 m - a potion of cure mutation
 A - 4 potions of flight
 D - 4 potions of might
 L - a potion of brilliance
 V - 3 potions of heal wounds
Miscellaneous
 j - a box of beasts
Comestibles
 f - 8 bread rations
 g - 5 beef jerkies
 p - 5 fruits
 s - 12 meat rations
 N - 4 slices of pizza


   Skills:
 + Level 11.7 Fighting
 + Level 14.7 Long Blades
 - Level 2.0 Throwing
 + Level 11.2 Armour
 + Level 11.4 Dodging


You had 12 spell levels left.
You didn't know any spells.

Dungeon Overview and Level Annotations

Branches:
Dungeon (12/15)            Temple (1/1) D:7            Lair (6/8) D:10
  Swamp (0/4) Lair:3        Snake (0/4) Lair:3
  Slime: Lair:6-8       Orc: D:9-12

Altars:
Ashenzari
Cheibriados
Dithmenos
Elyvilon
Fedhas
Gozag
Kikubaaqudgha
Makhleb
Nemelex Xobeh
Okawaru
Pakellas
Qazlal
Ru
Sif Muna
Trog
Vehumet
Xom
Yredelemnul
Zin
The Shining One

Annotations:
D:8 NervFog's ghost, novice MiMo
Lair:4 exclusion: oklob plant
Lair:6 Nessos; Snorg


Innate Abilities, Weirdness & Mutations

You have a beak for a mouth.
You have claws for feet.
You can fly.
You possess an exceptional clarity of mind.
You are covered in fur (AC +1).


Message History

* * * LOW HITPOINT WARNING * * *
The arrow burns you!
You are lethally poisoned!
* * * LOW HITPOINT WARNING * * *
Nessos blinks!
The hippogriff closely misses you.
The hippogriff pecks you but does no damage.
The hippogriff claws you but does no damage.
Drink which item? (? for menu, Esc to quit)
You feel much better.
You feel very sick.
Nessos shoots an arrow.
The arrow hits you!
* * * LOW HITPOINT WARNING * * *
The arrow burns you.
You are lethally poisoned!
* * * LOW HITPOINT WARNING * * *
Nessos shoots an arrow.
The arrow hits you!!
* * * LOW HITPOINT WARNING * * *
The arrow burns you.
You are more poisoned.
You die...

.... ###### #....
##.##.#### #....#.
#P..P..#.# ....... .
#..PP.!§§### .....#. ..
##..P.P.§@#(##.P..... ...
#..P#.#.§§H#(H....c.. ....
##^..##..H§.§§#.....HJ.#.#.
#.#..###..#..#.............
##....#....................
##................###...P.
###..............# #...#.
#.#.....P.cP##.####.#...
#.P....PPP.###..P#......


You could see Nessos and 2 hippogriffs.

Vanquished Creatures
  4 hydras
  Sonja (Lair:1)
  Nergalle (D:10)
  2 griffons
  Pikel (D:4)
  2 ugly things (D:11)
  7 black mambas
  A centaur zombie (D:9)
  4 elephants
  3 spiny frogs
  2 rime drakes (Lair:5)
  7 komodo dragons
  2 trolls
  A polar bear (Lair:5)
  A two-headed ogre (D:8)
  17 blink frogs
  Grinder (D:5)
  2 spriggans (Lair:3)
  A shadow (D:11)
  Sigmund (D:4)
  A vampire (D:11)
  2 wyverns (Lair:5)
  2 basilisks
  10 yaks
  A human (D:7)
  A hungry ghost (D:9)
  6 hippogriffs
  Edmund (D:4)
  A hell hound (Lair:6)
  9 water moccasins
  4 ice beasts
  7 porcupines
  2 orc warriors
  3 sky beasts
  3 black bears
  6 phantoms
  An eye of draining (D:11)
  4 slaves
  10 ogres
  3 wolves (Lair:3)
  8 centaurs
  7 crocodiles
  A big kobold (D:5)
  18 giant frogs
  Blork the orc (D:4)
  6 killer bees (D:9)
  5 scorpions
  10 wights
  2 howler monkeys
  9 crimson imps
  3 giant frog zombies
  3 hounds
  4 orc priests
  Crazy Yiuf (D:2)
  2 centaur skeletons
  2 giant frog skeletons
  6 jellies
  11 orc wizards
  13 iguanas
  11 worker ants
  7 hell rats
  13 sheep
  A hound zombie (D:11)
  A hound skeleton (D:6)
  A worker ant zombie (D:7)
  A howler monkey skeleton (D:10)
  4 gnolls (D:5)
  16 adders
  59 river rats
  5 shadow imps
  3 oozes
  An adder skeleton (D:7)
  4 worms
  2 dart slugs (D:2)
  4 giant geckos
  44 orcs
  A ball python (D:5)
  5 giant cockroaches
  10 goblins
  11 hobgoblins
  15 jackals
  14 kobolds
  5 quokkas
  11 bats
  A giant gecko zombie (D:9)
  7 giant newts
  A quokka skeleton (D:7)
  4 rats
  3 fungi
515 creatures vanquished.

Vanquished Creatures (others)
  5 fungi
  3 plants
8 creatures vanquished.

Grand Total: 523 creatures vanquished

Notes
Turn   | Place    | Note
--------------------------------------------------------------
     0 | D:1      | aurelian the Tengu Gladiator began the quest for the Orb.
     0 | D:1      | Reached XP level 1. HP: 12/12 MP: 2/2
   296 | D:1      | Reached XP level 2. HP: 17/17 MP: 3/3
   315 | D:1      | Reached skill level 4 in Long Blades
   621 | D:1      | Reached XP level 3. HP: 6/21 MP: 4/4
  1444 | D:1      | Reached skill level 5 in Long Blades
  1980 | D:2      | Reached XP level 4. HP: 25/26 MP: 5/5
  2135 | D:2      | Reached skill level 1 in Armour
  2264 | D:2      | Found a faded altar to an unknown god.
  2440 | D:2      | Found a basalt altar of Yredelemnul.
  2565 | D:2      | Found a glowing silver altar of Zin.
  2576 | D:2      | Found an ancient bone altar of Kikubaaqudgha.
  2583 | D:2      | Gained mutation: You can fly. [Tengu growth]
  2583 | D:2      | Reached XP level 5. HP: 20/30 MP: 6/6
  2682 | D:2      | Found a shattered altar of Ashenzari.
  2926 | D:2      | Noticed Crazy Yiuf
  2934 | D:2      | Killed Crazy Yiuf
  2934 | D:2      | Reached skill level 6 in Long Blades
  3197 | D:3      | Found a blossoming altar of Fedhas.
  3211 | D:3      | Noticed Grinder
  3438 | D:3      | Reached XP level 6. HP: 31/35 MP: 7/7
  3737 | D:3      | Found a burning altar of Makhleb.
  3737 | D:3      | Noticed a balrug
  3743 | D:3      | Noticed a ynoxinul
  3743 | D:3      | Noticed an orange demon
  3797 | D:3      | Reached skill level 7 in Long Blades
  3865 | D:4      | Noticed Sigmund
  3865 | D:4      | Noticed a slave
  3867 | D:4      | Noticed a slave
  3868 | D:4      | Noticed a slave
  3869 | D:4      | Noticed Pikel
  3878 | D:4      | Noticed a slave
  4025 | D:2      | Killed a slave
  4384 | D:2      | Killed a slave
  4586 | D:4      | Killed a slave
  4744 | D:4      | Reached skill level 8 in Long Blades
  4744 | D:4      | Reached XP level 7. HP: 3/40 MP: 8/8
  4746 | D:4      | HP: 2/40 [something/magic dart (1)]
  4760 | D:4      | Killed Sigmund
  4760 | D:4      | Reached skill level 9 in Long Blades
  5472 | D:4      | Noticed Blork the orc
  5489 | D:4      | Killed Blork the orc
  5621 | D:4      | Noticed Edmund
  5644 | D:4      | Killed Edmund
  5644 | D:4      | Reached XP level 8. HP: 26/46 MP: 9/9
  5861 | D:4      | Killed Pikel
  5861 | D:4      | Reached skill level 10 in Long Blades
  6113 | D:5      | Entered Level 5 of the Dungeon
  6145 | D:5      | Reached skill level 5 in Fighting
  6238 | D:5      | Killed Grinder
  6466 | D:5      | Reached XP level 9. HP: 52/55 MP: 10/10
  7246 | D:6      | Reached skill level 11 in Long Blades
  7300 | D:6      | Gained mutation: You possess an exceptional clarity of mind. [mutagenic meat]
  7301 | D:6      | Gained mutation: You are covered in fur (AC +1). [mutagenic meat]
  7695 | D:6      | Found a glowing golden altar of the Shining One.
  8112 | D:6      | Reached skill level 5 in Dodging
  8913 | D:7      | Reached XP level 10. HP: 56/63 MP: 11/11
  9219 | D:7      | Found a staircase to the Ecumenical Temple.
  9228 | Temple   | Entered the Ecumenical Temple
  9235 | Temple   | Became a worshipper of Trog the Wrathful
  9636 | D:7      | Reached skill level 5 in Armour
 10000 | D:8      | Found a blossoming altar of Fedhas.
 10476 | D:8      | Found a bloodstained altar of Trog.
 10635 | D:8      | Reached skill level 12 in Long Blades
 10713 | D:8      | Noticed NervFog's ghost (novice MiMo)
 11128 | D:9      | Reached * piety under Trog
 11989 | D:9      | Reached XP level 11. HP: 50/69 MP: 12/12
 12715 | D:10     | Entered Level 10 of the Dungeon
 13117 | D:10     | Found an opulent altar of Gozag.
 13195 | D:10     | Reached ** piety under Trog
 13351 | D:10     | Noticed Nergalle
 13369 | D:10     | Noticed a spectral orc warlord
 13370 | D:10     | Killed Nergalle
 13802 | D:10     | Found a staircase to the Lair.
 14539 | D:11     | Noticed a white ugly thing
 14551 | D:11     | Killed a white ugly thing
 14675 | D:11     | Noticed a green ugly thing
 14687 | D:11     | Killed a green ugly thing
 14687 | D:11     | Reached skill level 13 in Long Blades
 15522 | D:12     | Noticed a four-headed hydra
 15608 | Lair:1   | Entered Level 1 of the Lair of Beasts
 15623 | Lair:1   | Reached *** piety under Trog
 15827 | Lair:1   | Noticed a six-headed hydra
 15842 | Lair:1   | Killed a 12-headed hydra
 15842 | Lair:1   | Reached XP level 12. HP: 46/77 MP: 13/13
 16046 | Lair:1   | Got a clouded brass ring
 16086 | Lair:1   | Noticed Sonja
 16102 | Lair:1   | Killed Sonja
 16102 | Lair:1   | Reached skill level 10 in Fighting
 16647 | Lair:1   | Identified the ring of Doejez {+Blink +Fly MR+ Str+3} (You found it on level 1 of the Lair of Beasts)
 17544 | Lair:3   | Found a staircase to the Swamp.
 17555 | Lair:3   | Reached **** piety under Trog
 18251 | Lair:3   | Found a staircase to the Snake Pit.
 19221 | Lair:4   | Reached skill level 10 in Dodging
 19279 | Lair:4   | Noticed an eight-headed hydra
 19315 | Lair:4   | Killed a 19-headed hydra
 19656 | Lair:4   | Reached skill level 14 in Long Blades
 19998 | Lair:4   | Noticed a four-headed hydra
 20011 | Lair:4   | Killed a ten-headed hydra
 20326 | Lair:5   | Reached skill level 10 in Armour
 20573 | Lair:5   | Received a gift from Trog
 20635 | Lair:5   | Reached XP level 13. HP: 84/84 MP: 14/14
 22180 | Lair:6   | Reached ***** piety under Trog
 22703 | Lair:6   | Received a gift from Trog
 23119 | Lair:6   | Noticed Nessos
 23409 | Lair:6   | Noticed Snorg
 23421 | Lair:6   | HP: 1/85 [Nessos/arrow (11)]
 23422 | Lair:6   | Shot with an arrow by Nessos

Skill      XL: |  1  2  3  4  5  6  7  8  9 10 11 12 13 |
---------------+----------------------------------------+-----
Long Blades    | 4 5 6 8 9 10 11 12 13 14 | 14.7
Armour         | 2 4 6 8 10 11 | 11.2
Fighting       | 3 5 7 8 9 11 | 11.7
Dodging        | 5 7 9 10 11 | 11.4
Throwing       | |  2.0

Action                   |  1- 3 |  4- 6 |  7- 9 | 10-12 | 13-15 || total
-------------------------+-------+-------+-------+-------+-------++-------
Melee: Long sword        |   116 |   240 |    51 |       |       ||   407
       Kick              |    24 |    78 |   104 |   432 |   181 ||   819
       Peck              |    10 |    47 |    83 |   256 |    99 ||   495
       Scimitar          |       |       |   315 |  1108 |   403 ||  1826
 Fire: Blowgun           |       |       |     5 |     3 |       ||     8
Throw: Throwing net      |       |     6 |       |       |       ||     6
       Stone             |       |       |     2 |     4 |       ||     6
Invok: Burn Spellbooks   |       |       |       |     4 |     1 ||     5
       Berserk           |       |       |       |    17 |     3 ||    20
       Trog's Hand       |       |       |       |     7 |     5 ||    12
Evoke: Wand              |       |       |     2 |     6 |     5 ||    13
  Use: Scroll            |       |     7 |     6 |    22 |     3 ||    38
       Potion            |       |     2 |    10 |     3 |     1 ||    16
 Stab: Held in net/web   |       |     3 |       |       |       ||     3
       Distracted        |       |       |     1 |       |       ||     1
       Paralysed         |       |       |       |    13 |       ||    13
  Eat: Chunk             |     3 |     8 |    16 |    38 |    14 ||    79
       Beef jerky        |       |     1 |       |     1 |       ||     2
       Fruit             |       |       |     1 |    15 |       ||    16
       Pizza             |       |       |       |     5 |       ||     5
Armor: Leather armour    |    34 |       |       |       |       ||    34
       Ring mail         |     4 |    47 |       |       |       ||    51
       Scale mail        |       |    51 |   118 |   339 |   116 ||   624
Dodge: Dodged            |    71 |   144 |   160 |   674 |   308 ||  1357
